 Dungeon Crawl Stone Soup version 0.30-a0-39-g42789b21ef (webtiles) character file.

Game seed: 5807126502458714472

112 derpmorso the Sneak (level 4, -3/38 HPs)
             Began as a Gnoll Brigand on Aug 29, 2022.
             Was an Initiate of Okawaru.
             Killed by nerve-wracking pain
             ... invoked by an orc priest
              (4 damage)
             ... on level 3 of the Dungeon.
             The game lasted 00:23:30 (4187 turns).

derpmorso the Sneak (Gnoll Brigand)                 Turns: 4187, Time: 00:23:31

Health: -3/38      AC:  6    Str: 12      XL:     4   Next: 95%
Magic:  6/6        EV: 13    Int: 15 (16) God:    Okawaru [......]
Gold:   104        SH:  0    Dex: 14 (16) Spells: 5/5 levels left

rFire   . . .      SeeInvis +    a - +3 dagger
rCold   . . .      Faith    .    (no shield)
rNeg    . . .      Spirit   .    b - +1 robe
rPois   .          Reflect  .    (no helmet)
rElec   .          Harm     .    c - +1 cloak
rCorr   .          Rampage  .    t - +0 pair of gloves
Will    .....                    (no boots)
Stlth   +++++.....               k - amulet of magic regeneration
HPRegen 0.12/turn                z - ring of Riula {Int+5 Dex+3 SInv Stlth+}
MPRegen 0.50/turn                (no ring)

@: no status effects
A: fangs 1, strong nose, distributed training
a: Renounce Religion


You were on level 3 of the Dungeon.
You worshipped Okawaru.
Okawaru was noncommittal.
You visited 1 branch of the dungeon, and saw 3 of its levels.

You collected 104 gold pieces.

Inventory:

Hand Weapons
 a - a +3 dagger (weapon)
 f - a +0 sling
 g - a +0 dagger
 j - a +0 dagger
 m - a +0 dagger
 o - a +0 short sword
 v - a +0 sling
 x - a +0 hand axe
 D - a +0 spear
Missiles
 d - 12 poisoned darts (quivered)
 l - 2 throwing nets
 y - a curare-tipped dart
Armour
 b - a +1 robe (worn)
 c - a +1 cloak (worn)
 i - a +0 ring mail
 r - a +0 helmet
 s - a +0 robe
 t - a +0 pair of gloves (worn)
Jewellery
 k - an amulet of magic regeneration (around neck)
 z - the ring of Riula (left hand) {Int+5 Dex+3 SInv Stlth+}
   (You found it on level 3 of the Dungeon)

   [ring of see invisible]

   Int:       It affects your intelligence (+5).
   Dex:       It affects your dexterity (+3).
   SInv:      It lets you see invisible.
   Stlth:     It makes you more stealthy.
Scrolls
 q - a scroll of blinking {unknown}
 u - a scroll of poison {unknown}
 A - a scroll of amnesia
Potions
 h - a potion of ambrosia
 n - 3 potions of flight
 p - a potion of attraction {unknown}
 B - a potion of brilliance {unknown}
 C - a potion of mutation {unknown}


   Skills:
 + Level 4.7 Fighting
 + Level 4.7 Short Blades
 + Level 1.3 Long Blades
 + Level 1.3 Axes
 + Level 1.3 Maces & Flails
 + Level 1.3 Polearms
 + Level 1.3 Staves
 + Level 1.3 Ranged Weapons
 + Level 4.7 Throwing
 + Level 1.3 Armour
 + Level 2.9 Dodging
 + Level 7.9 Stealth
 + Level 1.3 Shields
 + Level 1.3 Unarmed Combat
 + Level 1.3 Spellcasting
 + Level 1.1 Conjurations
 + Level 1.1 Hexes
 + Level 1.1 Summonings
 + Level 1.1 Necromancy
 + Level 1.1 Translocations
 + Level 1.1 Transmutations
 + Level 1.1 Fire Magic
 + Level 1.1 Ice Magic
 + Level 1.1 Air Magic
 + Level 1.1 Earth Magic
 + Level 1.1 Poison Magic
 + Level 1.5 Invocations
 + Level 1.3 Evocations


You had 5 spell levels left.
You didn't know any spells.
Your spell library contained the following spells:

 Spells                   Type           Power      Damage    Failure   Level
 Ensorcelled Hibernation  Hex/Ice        8%         N/A       22%         2
 Spider Form              Tmut/Pois      4%         N/A       41%         3
 Anguish                  Hex/Necr       2%         N/A       83%         4


Dungeon Overview and Level Annotations

Branches:
Dungeon (3/15)

Altars:
Okawaru


Innate Abilities, Weirdness & Mutations

You have very sharp teeth.
Your uncanny sense of smell can sniff out nearby items.
Your experience applies equally to all skills.


Message History

The jackal bites you but does no damage.
You closely miss the jackal. The jackal closely misses you.
You hit the jackal but do no damage. The jackal closely misses you.
You hit the jackal but do no damage. The jackal barely misses you.
The jackal attacks as you move away!
The jackal bites you but does no damage. x2
The jackal attacks as you move away! The jackal barely misses you.
The jackal closely misses you. The jackal attacks as you move away!
The jackal closely misses you. The jackal attacks as you move away!
The jackal closely misses you. The jackal attacks as you move away!
The jackal bites you but does no damage.
Found a spear.
The jackal barely misses you. The jackal closely misses you.
You see here a +0 spear.
D - a +0 spear The jackal bites you but does no damage.
The jackal bites you but does no damage.
The jackal attacks as you move away!
The jackal bites you but does no damage.
You kill the jackal!
Okawaru accepts your kill.
As you read the scroll labelled KER FUANOHA, it crumbles to dust.
It is a scroll of enchant weapon.
Your +2 dagger glows red for a moment.
You hit the orc priest.
The orc priest is lightly wounded.
The orc priest mumbles some strange prayers to Beogh against you.
Beogh smites you!
You closely miss the orc priest.
The orc priest is lightly wounded.
The orc priest hits you but does no damage.
As you read the scroll labelled QIUPHO RUICHO, it crumbles to dust.
Nothing appears to happen.
It was a scroll of butterflies.
The orc priest invokes the aid of Beogh against you.
Beogh smites you!
* * * LOW HITPOINT WARNING * * *
The orc priest invokes the aid of Beogh against you.
Pain shoots through your body!
You die...

#.....# #.#o#.#
#.#o#.# #.#o# #
#### #.#.# ...#
#.#o#####
##<####.#..o..#
##......#####o#####
###..#.## #oo.@.#
......†.# #######
...#.##.# ##.#.##.#
##.#.##.#
##.#.##.########
##.#.##.##.....###
##.#.##..........##
##.#.....#####....#


You could see an orc priest and 2 orcs.

Vanquished Creatures
  2 adders
  3 worms
  4 dart slugs
  4 orcs (D:3)
  5 ball pythons
  4 bats
  4 endoplasms (D:1)
  15 giant cockroaches
  4 goblins
  5 hobgoblins
  3 jackals (D:3)
  2 quokkas
  A frilled lizard (D:3)
  4 kobolds
  6 rats
66 creatures vanquished.

Notes
Turn   | Place    | Note
-------+----------+-------------------------------------------
     0 | D:1      | derpmorso the Gnoll Brigand began the quest for the Orb.
     0 | D:1      | Reached XP level 1. HP: 20/20 MP: 1/1
   182 | D:1      | Reached XP level 2. HP: 25/26 MP: 2/2
  1998 | D:2      | Reached XP level 3. HP: 30/31 MP: 3/3
  2418 | D:2      | Reached skill level 1 in Invocations
  2516 | D:2      | Found an iron altar of Okawaru.
  2531 | D:2      | Became a worshipper of Warmaster Okawaru
  2570 | D:2      | Reached skill level 1 in Long Blades
  2570 | D:2      | Reached skill level 1 in Axes
  2570 | D:2      | Reached skill level 1 in Maces & Flails
  2570 | D:2      | Reached skill level 1 in Polearms
  2570 | D:2      | Reached skill level 1 in Staves
  2570 | D:2      | Reached skill level 1 in Ranged Weapons
  2570 | D:2      | Reached skill level 1 in Armour
  2570 | D:2      | Reached skill level 1 in Shields
  2570 | D:2      | Reached skill level 1 in Unarmed Combat
  2570 | D:2      | Reached skill level 1 in Spellcasting
  2570 | D:2      | Reached skill level 1 in Evocations
  3361 | D:3      | Reached XP level 4. HP: 38/38 MP: 5/5
  3733 | D:3      | Reached skill level 1 in Conjurations
  3733 | D:3      | Reached skill level 1 in Hexes
  3733 | D:3      | Reached skill level 1 in Summonings
  3733 | D:3      | Reached skill level 1 in Necromancy
  3733 | D:3      | Reached skill level 1 in Translocations
  3733 | D:3      | Reached skill level 1 in Transmutations
  3733 | D:3      | Reached skill level 1 in Fire Magic
  3733 | D:3      | Reached skill level 1 in Ice Magic
  3733 | D:3      | Reached skill level 1 in Air Magic
  3733 | D:3      | Reached skill level 1 in Earth Magic
  3733 | D:3      | Reached skill level 1 in Poison Magic
  3833 | D:3      | Found a glowing drain.
  3932 | D:3      | Identified the ring of Riula {Int+5 Dex+3 SInv Stlth+}
  4028 | D:3      | Found a faded altar of an unknown god.
  4186 | D:3      | HP: 1/38 [orc priest/divine providence (16)]
  4187 | D:3      | Killed from afar by an orc priest

Illustrated notes

Levels and vault maps discovered:
D:1:      dpeg_arrival_fog, layout_basic, minmay_misc_feat_alley,
          minmay_misc_feat_nine_boxes
D:2:      layout_basic, basic_altar
D:3:      minmay_roachtagon, layout_basic, portal_sewer_entry_a,
          nicolae_ecumenical_pavilion, wad_orctagon

Skill      XL: |  1  2  3  4 |
---------------+-------------+-----
Invocations    | 1 |  1.5
Long Blades    | 1 |  1.3
Axes           | 1 |  1.3
Maces & Flails | 1 |  1.3
Polearms       | 1 |  1.3
Staves         | 1 |  1.3
Ranged Weapons | 1 |  1.3
Armour         | 1 |  1.3
Shields        | 1 |  1.3
Unarmed Combat | 1 |  1.3
Spellcasting   | 1 |  1.3
Evocations     | 1 |  1.3
Conjurations   | 1 |  1.1
Hexes          | 1 |  1.1
Summonings     | 1 |  1.1
Necromancy     | 1 |  1.1
Translocations | 1 |  1.1
Transmutations | 1 |  1.1
Fire Magic     | 1 |  1.1
Ice Magic      | 1 |  1.1
Air Magic      | 1 |  1.1
Earth Magic    | 1 |  1.1
Poison Magic   | 1 |  1.1
Fighting       | |  4.7
Short Blades   | |  4.7
Throwing       | |  4.7
Dodging        | |  2.9
Stealth        | |  7.9

Action                   |  1- 3 |  4- 6 || total
-------------------------+-------+-------++-------
Melee: Dagger            |    79 |   105 ||   184
       Bite              |     8 |     8 ||    16
       Punch             |     2 |     2 ||     4
Throw: Dart              |       |    10 ||    10
  Use: Scroll            |     6 |     2 ||     8
       Potion            |     5 |       ||     5
 Stab: Sleeping          |    16 |     5 ||    21
Armor: Robe              |    10 |    69 ||    79
Dodge: Dodged            |    35 |   140 ||   175

Table legend: (Time is in decaauts)
 A = Elapsed time spent in this place.
 B = Non-inter-level travel time spent in this place.
 C = Inter-level travel time spent in this place.
 D = Time resting spent in this place.
 E = Time spent auto-exploring this place.
 F = Levels seen in this place.
 G = Mean time per level.
                   A        B        C        D        E       F      G
               +--------+--------+--------+--------+--------+-----+--------+
         Total |   4142 |   3254 |    888 |      0 |   1943 |   3 | 1380.7 |
       Dungeon |   4142 |   3254 |    888 |      0 |   1943 |   3 | 1380.7 |
               +--------+--------+--------+--------+--------+-----+--------+

Top non-repeatable levels by time:
     D:1: 1879 daAuts
     D:2: 1408 daAuts
     D:3: 855 daAuts
